 Dungeon Crawl Stone Soup version 0.32-a0-613-g40f424ee2b (webtiles) character file.

Game seed: 16185394621795108011

71 GordonOverkill the Sneak (level 4, -1/28 HPs)
             Began as a Deep Elf Delver on Mar 5, 2024.
             Slain by a scorpion (6 damage)
             ... on level 4 of the Dungeon.
             The game lasted 00:08:07 (3058 turns).

GordonOverkill the Sneak (Deep Elf Delver)          Turns: 3058, Time: 00:08:08

Health: -1/28      AC:  4    Str:  9    XL:     4   Next: 5%
Magic:  5/10       EV: 12    Int: 17    God:
Gold:   21         SH:  0    Dex: 16    Spells: 8/9 levels left

rFire   . . .        p - +0 dagger (drain)
rCold   . . .        (no shield)
rNeg    . . .        b - +0 leather armour
rPois   .            (no helmet)
rElec   .            (no cloak)
rCorr   .            i - +0 pair of gloves
SInv    .            (no boots)
Will    .....        (no amulet)
Stlth   +++          (no ring)
HPRegen 0.24/turn    (no ring)
MPRegen 0.12/turn

%: no passive effects
@: lethally poisoned (-1 -> -13)
A: no striking features
a: no special abilities


You were on level 4 of the Dungeon.
You visited 1 branch of the dungeon, and saw 7 of its levels.

You collected 229 gold pieces.
You spent 208 gold pieces at shops.

Inventory:

Hand Weapons
 p - a +0 dagger of draining (weapon)
 r - a +0 rapier
Missiles
 f - a throwing net (quivered)
 j - 5 javelins
Armour
 b - a +0 leather armour (worn)
 i - a +0 pair of gloves (worn)
Wands
 g - a wand of digging (3)
Scrolls
 a - 2 scrolls of vulnerability {unknown}
 c - a scroll of fog
 d - a scroll of enchant weapon
 e - a scroll of blinking
 h - a scroll of teleportation
 n - 2 scrolls of enchant armour
 q - a scroll of brand weapon {unknown}
 s - a scroll of poison {unknown}
Potions
 k - 2 potions of heal wounds
 l - 2 potions of mutation
 m - a potion of might
 o - a potion of attraction


   Skills:
 - Level 3.0 Fighting
 - Level 2.0 Short Blades
 - Level 1.0 Throwing
 - Level 2.4 Dodging
 - Level 6.0 Stealth
 - Level 3.0 Spellcasting
 + Level 1.6 Earth Magic


You had 8 spell levels left.
You knew the following spells:

 Your Spells              Type           Power      Damage    Failure   Level
a - Sandblast             Erth           16%        2d6       12%         1

Your spell library contained the following spells:

 Spells                   Type           Power      Damage    Failure   Level
 Freeze                   Ice            8%         1d3       24%         1
 Magic Dart               Conj           8%         1d3       24%         1
 Blink                    Tloc           4%         N/A       36%         2
 Call Imp                 Summ           4%         N/A       36%         2
 Passwall                 Erth           8%         N/A       36%         3
 Stone Arrow              Conj/Erth      10%        3d7       45%         3
 Frozen Ramparts          Ice            4%         1d1       58%         3
 Hailstorm                Conj/Ice       2%         3d5       58%         3
 Summon Ice Beast         Ice/Summ       2%         N/A       58%         3
 Brom's Barrelling Bould  Conj/Erth      5%         2d3       86%         4
 Summon Mana Viper        Hex/Summ       2%         N/A       100%        5
 Monstrous Menagerie      Summ           1%         N/A       100%        7
 Chain Lightning          Conj/Air       1%         3d1       100%        9
 Fire Storm               Conj/Fire      1%         7d1       100%        9
 Shatter                  Erth           4%         3d7*      100%        9


Dungeon Overview and Level Annotations

Branches:
Dungeon (7/15)             Temple (0/1) D:6

Altars:
Hepliaklqana
Okawaru
Yredelemnul
The Shining One

Shops:
D:3 ?

Portals:
Sewer: D:6

Annotations:
D:3 3 runed translucent doors, HourglassMan's ghost, amateur OnWr; Skimidon's ghost, amateur DgHu


Message History

Aim: a scorpion (moderately wounded, 81% to hit)
The blast of sand hits the scorpion!
The scorpion is severely wounded.
The scorpion stings you.
You are poisoned.
The scorpion poisons you!
Casting: Sandblast (safe; 12% risk of failure)
Confirm with . or Enter, or press ? or * to list all spells.
Aiming: Sandblast (safe; 12% risk of failure)
Press: ? - help, Shift-Dir - straight line, f/p - scorpion
Aim: a scorpion (severely wounded, 81% to hit)
The blast of sand hits the scorpion but does no damage.
The scorpion is severely wounded.
You feel very sick. The scorpion stings you.
* * * LOW HITPOINT WARNING * * *
The scorpion stings you.
* * * LOW HITPOINT WARNING * * *
Casting: Sandblast (safe; 12% risk of failure)
Confirm with . or Enter, or press ? or * to list all spells.
Aiming: Sandblast (safe; 12% risk of failure)
Press: ? - help, Shift-Dir - straight line, f/p - scorpion
Aim: a scorpion (severely wounded, 81% to hit)
The blast of sand hits the scorpion.
The scorpion is almost dead.
You feel sick. The scorpion stings you.
* * * LOW HITPOINT WARNING * * *
You are lethally poisoned!
The scorpion poisons you! The scorpion barely misses you.
Casting: Sandblast (safe; 12% risk of failure)
Confirm with . or Enter, or press ? or * to list all spells.
Aiming: Sandblast (safe; 12% risk of failure)
Press: ? - help, Shift-Dir - straight line, f/p - scorpion
Aim: a scorpion (almost dead, 81% to hit)
The blast of sand hits the scorpion but does no damage.
The scorpion is almost dead.
* * * LOW HITPOINT WARNING * * *
You feel very sick. The scorpion barely misses you. The scorpion stings you.
You die...

#### ....
#..######
#.......#
#<$#s.#.#
#....@..#
.#.##....###.#
.........>...#
.#.###.#######
# ... #.#.
#.## #


You could see a scorpion.

Vanquished Creatures
  A dart slug (D:2)
  A ribbon worm (D:2)
  An orc (D:6)
  6 endoplasms
  4 giant cockroaches
  8 goblins
  2 hobgoblins
  4 jackals (D:3)
  5 quokkas
  4 ball pythons
  5 bats
  3 frilled lizards
  10 kobolds
  7 rats
61 creatures vanquished.

Notes
Turn   | Place    | Note
-------+----------+-------------------------------------------
     0 | D:5      | GordonOverkill the Deep Elf Delver began the quest for the
                  | Orb.
     0 | D:5      | Reached XP level 1. HP: 13/13 MP: 3/3
   145 | D:6      | Noticed a scorpion
   180 | D:6      | Noticed a jelly
   213 | D:6      | Found a hazy altar of Hepliaklqana.
   219 | D:6      | Noticed a bullfrog
   269 | D:6      | Found a glowing drain.
   341 | D:5      | Noticed a sleepcap
   367 | D:5      | Noticed a scorpion
   379 | D:5      | Noticed an iguana
   401 | D:4      | Noticed a scorpion
   412 | D:3      | Found a runed translucent gate.
   412 | D:3      | Found a runed translucent gate.
   412 | D:3      | Found a runed translucent gate.
   419 | D:3      | Noticed Skimidon's ghost (amateur DgHu)
   419 | D:3      | Noticed HourglassMan's ghost (amateur OnWr)
   487 | D:3      | Found an iron altar of Okawaru.
   506 | D:3      | Found a glowing golden altar of the Shining One.
   562 | D:3      | Found a basalt altar of Yredelemnul.
   594 | D:3      | Reached XP level 2. HP: 14/19 MP: 4/4
   919 | D:1      | Reached skill level 1 in Spellcasting
  1488 | D:1      | Reached skill level 1 in Throwing
  1488 | D:1      | Reached XP level 3. HP: 18/23 MP: 7/7
  1543 | D:1      | Found a faded altar of an unknown god.
  1769 | D:2      | Learned a level 1 spell: Sandblast
  2157 | D:2      | Reached skill level 1 in Earth Magic
  2759 | D:3      | Reached XP level 4. HP: 28/28 MP: 5/10
  2831 | D:3      | Found Eremaom's Magic Scroll Emporium.
  2842 | D:3      | Bought a scroll of blinking for 82 gold pieces
  2842 | D:3      | Bought a scroll of enchant armour for 82 gold pieces
  2842 | D:3      | Bought a scroll of identify for 22 gold pieces
  2842 | D:3      | Bought a scroll of identify for 22 gold pieces
  3058 | D:4      | Slain by a scorpion

Illustrated notes

Levels and vault maps discovered:
D:1:      dpeg_arrival_arbitrary_c, layout_basic, basic_ecumenical_altar,
          minmay_crystal_room, feat_on_display
D:2:      layout_loops_cross
D:3:      layout_basic, mainiacjoe_overflow_boulevard,
          mainiacjoe_overflow_concentric_impassable, yredelemnul_altar_generic,
          serial_shops, shop_statue, gammafunk_ghost_cemetery, serial_glass,
          glass_columns_a, glass_columns_a, glass_columns_a, glass_columns_c,
          glass_columns_a, glass_columns_b, glass_columns_a, glass_columns_b,
          glass_columns_a, glass_columns_b
D:4:      layout_basic, grunt_dithmenos_smoke_and_mirrors,
          kennysheep_minor_cross, uniq_ijyb
D:5:      minmay_thick_lines, layout_cave_pools, grunt_gozag_statues
D:6:      layout_basic, mainiacjoe_overflow_brackets, minmay_temple_entry_tees,
          serial_rivers, chequers_serial_rivers_micro_b,
          chequers_serial_rivers_small_3, chequers_serial_rivers_small_3,
          chequers_serial_rivers_micro_d, chequers_serial_rivers_large_a,
          portal_sewer_entry_c
D:7:      layout_loops_ring, serial_undead, serial_undead_b, serial_undead_a,
          serial_undead_f, serial_undead_e

Skill      XL: |  1  2  3 |
---------------+----------+-----
Fighting       | 3 |  3.0
Spellcasting   | 1 3 |  3.0
Throwing       | 1 |  1.0
Earth Magic    | 1 |  1.6
Short Blades   | |  2.0
Dodging        | |  2.4
Stealth        | |  6.0

Action                     |  1- 3 |  4- 6 || total
---------------------------+-------+-------++-------
  Melee: Short sword       |   114 |       ||   114
         Dagger            |    43 |       ||    43
   Cast: Sandblast         |    22 |     8 ||    30
    Use: Scroll            |     6 |     2 ||     8
         Potion            |     2 |       ||     2
   Stab: Sleeping          |     8 |       ||     8
 Armour: Leather armour    |    89 |     6 ||    95
  Dodge: Dodged            |    97 |     2 ||    99

Table legend: (Time is in decaauts)
 A = Elapsed time spent in this place.
 B = Non-inter-level travel time spent in this place.
 C = Inter-level travel time spent in this place.
 D = Time resting spent in this place.
 E = Time spent auto-exploring this place.
 F = Levels seen in this place.
 G = Mean time per level.
                   A        B        C        D        E       F      G
               +--------+--------+--------+--------+--------+-----+--------+
         Total |   3044 |   2812 |    232 |    282 |   1556 |   7 |  434.9 |
       Dungeon |   3044 |   2812 |    232 |    282 |   1556 |   7 |  434.9 |
               +--------+--------+--------+--------+--------+-----+--------+

Top non-repeatable levels by time:
     D:2: 980 daAuts
     D:3: 882 daAuts
     D:1: 776 daAuts
     D:6: 312 daAuts
     D:5: 56 daAuts
     D:4: 18 daAuts
     D:7: 17 daAuts
